woodfighter, chaotic female orcish Cavewoman ---- ---- ------- --- --..---..----------..|..--- ----.-- --------- ---- |.........................| |.....| --..|.--.---|..--- |...--------------........---- |.%...----------#-----..........--....| ---.--- |.............| --%.............^.....................| |...----- |.............| |-....-------------#--...........|.--- ---...|.-- --....|.--...-- |...[.| ----- ## --...<.....----- |......| ----.--|--..-- |....-|--...-## # |..........| ---....-- |...| --..| --....--......-#--- ---.......-- ---- ---- --...>| ------.---|..| --.........)......| |...--..| --..| |..-- |...-- |..| |...|---- #########.....)...........-- ------.-- |...| |...| |-..| --.-----.------#-----------......^........| |...| ---.--- --..| |..-| |..| |.).|..i....@T...o.........*.......| ---.---- |...| |...-- --..-- ---..-- ---.#..----------------..|%....-#..| |...--.---.--- --..^----|-..----.....| |...--- --...|.--.--|-.-- --..........| --.....--............| |..-- --..--|.|--- |...| |.........--- ---................-| ---- |...| |.| --...| |........-- ---...............| --*-- |.-- |...-- ---.......| ---.--.........-- --- |..| --..| --.....-- ----------.--- |..| ---- ---.--- --- ---- --- woodfighter the Young Cave Woman Experience level: 9 Strength: 18/01 Dexterity: 13 Constitution: 17 Intelligence: 11 Wisdom: 9 Charisma: 9 Health: 0(80) Energy: 25(25) Def: 9 Gold: 306 Moves: 7359 Dungeon seed: g6oWzcvVuqC5THYX Game ID: woodfighter_1477067832 Your Inventory: Coins $ - 306 gold pieces Weapons a - a +0 dwarvish spear (weapon in hand) b - a +2 sling (alternate weapon; not wielded) Armor n - an uncursed +0 Hawaiian shirt (being worn) q - an uncursed +0 dwarvish mithril-coat (being worn) r - an uncursed +0 small shield L - an uncursed +1 dwarvish iron helm (being worn) N - an uncursed thoroughly rusty +0 pair of iron shoes (being worn) Comestibles d - 6 uncursed food rations m - 2 uncursed sprigs of wolfsbane o - an uncursed banana u - an uncursed lichen corpse v - an uncursed K-ration x - 3 uncursed C-rations J - an uncursed lizard corpse M - 2 uncursed lembas wafers O - an uncursed candy bar R - 3 uncursed tripe rations Scrolls C - a cursed scroll of identify Rings i - an uncursed ring of warning Wands G - a wand of teleportation (0:0) H - a wand of digging (0:4) Tools l - 5 uncursed tallow candles (0:200) p - a +0 pick-axe y - an uncursed lock pick E - an uncursed magic lamp (lit) I - 3 uncursed wax candles (0:400) Gems e - 12 uncursed flints (in quiver) Spells and supernatural/magical abilities: Name Level Category Fail Memory W - pray for help -- divine ? -- Your skills at the end: Miscellaneous Skills bare handed combat [Basic] stealth [Skilled] Weapon Skills scimitar [Basic] club [Basic] spear [Skilled] sling [Basic] Spellcasting Skills Final Attributes: You were piously aligned. You were cold resistant. You were poison resistant. Your writing hand was ok. You were telepathic. You had infravision. You were stealthy. You were fast. You are dead. Vanquished creatures: a ghost 2 large mimics 2 quantum mechanics 3 small mimics a sasquatch a flaming sphere a dwarf king a crocodile a human mummy 4 soldiers a giant beetle 2 wolves a winter wolf cub a leprechaun a quivering blob a lizard a mumak a giant spider a scorpion a horse a vampire bat 2 gnome kings a dwarf mummy a yeti a gold golem a housecat a jaguar 2 dwarf lords a water nymph 2 ravens 2 plains centaurs a gnome mummy a yellow light a bugbear a quasit a wood nymph a rock mole a rock piercer 2 fog clouds 16 gnome lords 2 gnomish wizards a guardian naga hatchling a gray ooze a straw golem 4 giant ants 4 floating eyes 16 dwarves 6 rothes 2 jitterbugs a giant bat 4 monkeys an orc zombie a dwarf zombie 6 killer bees a coyote a gas spore 4 hobbits 3 geckos 8 giant rats a brown mold 3 yellow molds a green mold 51 gnomes 2 gnome zombies 13 jackals 5 newts a sewer rat 6 grid bugs a bat 6 lichens 4 kobold zombies 229 creatures vanquished. Voluntary challenges: You did not cause conflict. You were not invisible. You did not have reflection. You were not displaced. You had been an atheist until turn 3177. You used a wielded weapon 485 times, starting on turn 178. You did not apply a unicorn horn. You did not use plumbed fixtures. You did not drink any magical draughts. You read items or engraved 1 time, starting on turn 3339. You never genocided any monsters. You never polymorphed an object. You never changed form. You used no wishes. You never split a pudding. You never wrote Elbereth's name. You never violated your personal moral code. Dungeon overview: The Dungeons of Doom: levels 1 to 5 Level 1 a long staircase Level 2 (wv) Level 3 a fountain Level 4 a sink stairs to The Gnomish Mines Level 5 The Gnomish Mines: levels 5 to 12 Level 5 stairs to The Dungeons of Doom Level 6 Level 7 (locked) many shops, a temple to Anshar, a magic chest, some trees Level 8 Level 9 (leprechaun) Level 10 Level 11 <- You were here Level 12 History has recorded: On T:1 you entered the Dungeons of Doom to retrieve the Amulet of Yendor! On T:285 you reached level 2 of The Dungeons of Doom. On T:492 you advanced to experience level 2. On T:641 you reached level 3 of The Dungeons of Doom. On T:1213 you reached level 4 of The Dungeons of Doom. On T:1275 you advanced to experience level 3. On T:1558 you reached level 1 of The Gnomish Mines. On T:1653 you advanced to experience level 4. On T:1804 you reached level 5 of The Dungeons of Doom. On T:2004 you advanced to experience level 5. On T:2577 you advanced to experience level 6. On T:2642 you reached level 2 of The Gnomish Mines. On T:3004 you reached level 3 of The Gnomish Mines. On T:3174 you entered the Minetown temple On T:3181 you opened a magic chest. On T:3228 you prayed to Anshar. On T:3240 you advanced to experience level 7. On T:3592 you prayed to Anshar. On T:3944 you reached level 4 of The Gnomish Mines. On T:4234 you advanced to experience level 8. On T:4280 you reached level 5 of The Gnomish Mines. On T:4687 you reached level 6 of The Gnomish Mines. On T:4853 you reached level 7 of The Gnomish Mines. On T:5153 you reached level 8 of The Gnomish Mines. On T:5530 you prayed to Anshar. On T:6085 you prayed to Anshar. On T:6123 you advanced to experience level 9. On T:6674 you prayed to Anshar. Score breakdown: Gold: 306 ( 30 points) Experience: 9 levels ( 800 points) Exploration: 12 levels ( 330 points) Discoveries: 16 items ( 800 points) Variety of kills: 71 monsters ( 2000 points) Major goal: reached Minetown ( 500 points) Survival: died (score multiplied by 3) Total score: 13380 Latest messages: You are now wielding your stout spear. The troll wields a broad pick! You jab the troll. The troll swings her broad pick at the cavewoman. The troll misses. The troll claws you! The troll bites! You jab the troll! The troll swings her broad pick at the cavewoman. The troll hits you! The troll claws you! The troll misses. You jab the troll! The troll swings her broad pick at the cavewoman. The troll hits you! The troll claws you! The troll misses. You jab the troll! The troll swings her broad pick at the cavewoman. The troll misses. The troll claws you! The troll bites! You jab the troll! You miss the troll. The troll swings her broad pick at the cavewoman. The troll hits you! You die... Final status: Goodbye woodfighter the Cavewoman, killed by a troll... You died in The Gnomish Mines on dungeon level 11 with 13380 points, and 306 pieces of gold, after 7359 moves. You were level 9 with a maximum of 80 hit points when you died.